Map: New Repugnancy LE

Players

Reynor - Winner!

  • Race: Zerg Zerg
  • Spawn Location: 7:00

PartinG

  • Race: Protoss Protoss
  • Spawn Location: 1:00

Event: IEM Season 13: Katowice (2019)

VOD

Have the link to the VOD?

Description

Time

  • Played on: Feb. 26, 2019, 5:14 a.m.
  • Length: 11:34

All games in this series

Show
View Real Time Build Order
Export as new Build Order

Reynor Zerg - Winner!

Build Orders: Hatch First 

Get SALT Encoding   

  12  0:01  Drone  
  13  0:12  Overlord  
  13  0:17  Drone  
  14  0:30  Drone x2  
  16  0:48  Hatchery  
  15  0:51  Drone  
  15  0:55  Drone  
  17  1:09  Spawning Pool  
  16  1:13  Drone  
  16  1:16  Drone  
  18  1:18  Extractor  
  18  1:20  Drone  
  18  1:31  Drone  
  19  1:56  Zergling x4  
  19  2:00  Queen x2  
  25  2:01  Drone  
  25  2:03  Drone  
  27  2:10  Overlord  
  27  2:13  Drone  
  28  2:30  Drone x2  
  30  2:37  Hatchery  
  30  2:41  Metabolic Boost  
  30  2:44  Drone  
  30  2:47  Drone  
  30  2:51  Overlord  
  31  2:55  Zergling x2  
  31  2:57  Drone  
  33  2:59  Drone  
  33  3:05  Spore Crawler  
  33  3:07  Drone x2  
  33  3:10  Drone  
  36  3:15  Drone x2  
  36  3:16  Drone x2  
  40  3:22  Queen  
  40  3:26  Zergling x2  
  44  3:27  Zergling x2  
  44  3:37  Overlord  
  44  3:47  Lair  
  44  3:48  Overlord  
  44  3:49  Drone x3  
  44  3:50  Drone x2  
  44  3:53  Drone  
  50  3:58  Roach Warren  
  50  4:00  Extractor x2, Drone  
  48  4:04  Spore Crawler  
  48  4:05  Drone  
  49  4:10  Drone x2  
  49  4:11  Drone  
  51  4:17  Overlord  
  51  4:22  Drone x3  
  54  4:30  Spore Crawler  
  53  4:33  Zergling x6  
  56  4:38  Roach  
  56  4:39  Roach x4  
  56  4:43  Roach x2  
  69  4:46  Roach  
  69  4:49  Roach  
  73  4:55  Overseer  
  73  4:58  Overlord  
  73  5:12  Glial Reconstitution  
  73  5:15  Overlord, Spore Crawler  
  73  5:17  Drone x2  
  73  5:18  Overlord  
  74  5:29  Overlord  
  74  5:38  Drone x15  
  74  5:41  Extractor  
  87  5:42  Evolution Chamber  
  87  5:43  Overseer  
  87  5:46  Roach x2  
  87  5:49  Roach  
  91  6:00  Roach x3  
  95  6:07  Roach x2  
  95  6:09  Overlord  
  95  6:10  Zerg Missile Weapons Level 1  
  97  6:16  Overlord  
  96  6:25  Overlord  
  96  6:29  Roach x4  
  104  6:36  Roach x4  
  104  6:37  Roach  
  104  6:39  Overlord x2  
  114  6:40  Extractor  
  114  6:44  Roach x2  
  114  6:45  Roach x2  
  121  6:49  Overlord, Drone  
  121  6:51  Overlord  
  122  6:58  Roach x4  
  130  7:08  Drone x3  
  131  7:09  Drone x2  
  131  7:10  Ravager x4  
  131  7:11  Roach x2  
  131  7:14  Drone x3  
  146  7:24  Overlord  
  146  7:28  Burrow  
  146  7:31  Overlord  
  146  7:32  Overlord  
  146  7:34  Overlord  
  146  7:41  Hatchery  
  145  7:46  Roach x4  
  153  7:54  Roach x7  
  167  7:59  Roach x4  
  167  8:14  Roach x2  
  167  8:15  Roach x3  
  167  8:19  Overlord  
  177  8:22  Overseer x2  
  177  8:23  Zerg Missile Weapons Level 2  
  177  8:26  Extractor  
  176  8:27  Overlord  
  176  8:29  Overlord  
  176  8:31  Overlord  
  176  8:32  Overseer  
  176  8:40  Roach, Hydralisk Den  
  179  8:48  Roach x7  
  179  8:53  Roach  
  179  8:54  Roach x2  
  195  8:56  Roach  
  195  8:57  Roach, Zergling x2  
  195  8:58  Roach  
  194  9:13  Roach  
  194  9:14  Roach x5  
  188  9:29  Roach  
  188  9:30  Roach x12, Queen  
  191  9:31  Queen  
  191  9:33  Drone  
  189  9:40  Drone x2  
  189  9:45  Drone x2  
  193  9:47  Roach  
  193  9:56  Drone x5  
  193  9:57  Drone  
  199  10:01  Grooved Spines  
  199  10:03  Drone x2  
  195  10:11  Roach x2  
  191  10:20  Hydralisk  
  191  10:21  Hydralisk x6  
  173  10:24  Drone  
  173  10:26  Spore Crawler  
  173  10:27  Hydralisk  
  187  10:32  Hydralisk x2  
  189  10:38  Roach  
  189  10:41  Hydralisk x3  
  189  10:42  Hydralisk x3  
  189  10:48  Hydralisk  
  191  10:51  Extractor, Drone x2  
  191  10:52  Roach  
  191  10:53  Drone  
  191  10:55  Drone  
  190  10:57  Roach x4  
  190  11:01  Roach  
  186  11:08  Hydralisk  
  186  11:09  Hydralisk x6  
  192  11:18  Drone x2  
Show
View Real Time Build Order
Export as new Build Order

PartinG Protoss 

Build Orders: Archon Immortal, Archon Drop, Dark Templar Rush 

Get SALT Encoding   

  12  0:00  Probe  
  13  0:12  Probe  
  14  0:19  Pylon  
  14  0:24  Probe  
  15  0:33  Probe  
  15  0:39  Gateway  
  15  0:41  Probe  
  16  0:47  Assimilator  
  17  0:51  Probe  
  18  1:03  Probe  
  19  1:10  Forge  
  19  1:26  Cybernetics Core  
  19  1:30  Pylon  
  19  1:31  Pylon  
  19  1:44  Probe  
  20  1:54  Adept  
  20  1:56  Probe  
  20  2:00  Nexus  
  21  2:07  Assimilator  
  23  2:10  Pylon  
  23  2:15  Warp Gate  
  23  2:24  Probe  
  23  2:28  Stalker  
  26  2:32  Probe  
  27  2:42  Probe  
  28  2:51  Twilight Council  
  28  2:54  Probe  
  29  3:06  Probe  
  29  3:08  Probe  
  31  3:14  Probe  
  31  3:15  Robotics Facility  
  31  3:16  Probe  
  32  3:22  Probe  
  32  3:27  Probe  
  35  3:35  Probe, Dark Shrine  
  35  3:36  Gateway  
  35  3:39  Probe  
  37  3:44  Gateway  
  37  3:51  Gateway  
  37  3:53  Probe  
  39  3:55  Probe  
  39  3:56  Warp Prism  
  39  4:00  Assimilator  
  41  4:10  Probe x2  
  41  4:14  Assimilator  
  43  4:18  Pylon  
  43  4:22  Pylon  
  43  4:23  Probe  
  44  4:26  Probe  
  45  4:35  Probe  
  46  4:39  Probe  
  47  4:48  Probe  
  47  4:51  Probe  
  49  4:55  Protoss Ground Weapons Level 1, Dark Templar x2  
  49  4:56  Dark Templar x2  
  58  5:00  Probe, Observer  
  58  5:03  Probe  
  60  5:07  Charge  
  59  5:15  Pylon  
  59  5:18  Pylon  
  59  5:25  Archon  
  59  5:26  Archon  
  59  5:30  Zealot  
  61  5:36  Zealot x3  
  61  5:39  Probe  
  68  5:55  Nexus  
  68  5:57  Pylon  
  68  5:58  Immortal  
  68  6:05  Probe  
  68  6:06  Probe  
  68  6:09  Stalker  
  75  6:11  Sentry  
  75  6:15  Nexus  
  77  6:18  Pylon  
  77  6:21  Sentry x2  
  77  6:24  Probe x2  
  83  6:27  Immortal  
  83  6:35  Gateway  
  83  6:38  Gateway  
  87  6:40  Probe x2  
  87  6:44  Stalker  
  91  6:49  Sentry  
  91  6:51  Gateway  
  93  6:56  Gateway  
  93  7:05  Pylon  
  93  7:06  Pylon  
  93  7:09  Photon Cannon  
  93  7:14  Immortal  
  93  7:19  Pylon  
  93  7:24  Sentry  
  93  7:25  Sentry x2  
  103  7:30  Probe x3  
  106  7:41  Pylon  
  106  7:42  Probe x3  
  107  7:52  Zealot x2  
  107  7:53  Zealot x2  
  107  7:54  Dark Templar  
  115  8:05  Immortal  
  115  8:08  Probe x3  
  115  8:11  Zealot x3  
  114  8:19  Stalker  
  120  8:26  Probe x2  
  122  8:27  Probe  
  122  8:29  Assimilator  
  122  8:32  Assimilator  
  123  8:34  Shield Battery  
  123  8:36  Photon Cannon  
  123  8:41  Templar Archives  
  123  8:52  Zealot x2  
  123  8:53  Zealot x4  
  135  8:59  Dark Templar x2  
  125  9:19  Pylon  
  124  9:24  Dark Templar  
  124  9:25  Immortal  
  125  9:33  Pylon  
  125  9:38  Colossus  
  110  9:40  Dark Templar x2  
  110  9:44  Nexus  
  110  9:53  Sentry x5  
  120  10:05  Observer, Pylon  
  120  10:08  Photon Cannon  
  120  10:09  Zealot  
  116  10:19  Immortal  
  105  10:25  Probe x2  
  105  10:26  Photon Cannon  
  107  10:32  Archon  
  103  10:36  Sentry x2  
  103  10:37  Sentry x2  
  111  10:43  Cybernetics Core  
  111  10:55  Nexus  
  90  11:18  Zealot x7  
  90  11:25  Zealot  

Tags
 
Add a new tag
Caveats
  • Supply blocks, unpowered buildings, or Contaminate may cause inaccurate times.
  • Supply counts are checked every 10 seconds.